 Dungeon Crawl Stone Soup version 0.20.1-1-g8b1a95d (console) character file.

67 hilaritas the Chiller (level 3, 0/19 HPs)
             Began as a Deep Elf Ice Elementalist on Sept 9, 2017.
             Succumbed to an adder's poison
             ... on level 2 of the Dungeon.
             The game lasted 00:04:07 (1232 turns).

hilaritas the Chiller (Deep Elf Ice Elementalist)   Turns: 1232, Time: 00:04:08

Health: 0/19       AC:  8    Str:  6    XL:     3   Next: 98%
Magic:  0/9        EV: 13    Int: 19    God:
Gold:   48         SH:  0    Dex: 15    Spells: 2/8 levels left

rFire    . . .     SeeInvis .   k - +0 short sword (venom)
rCold    . . .     Gourm    .   (no shield)
rNeg     . . .     Faith    .   a - +0 robe
rPois    .         Spirit   .   (no helmet)
rElec    .         Reflect  .   h - +0 cloak
rCorr    .         Harm     .   (no gloves)
MR       .....                  (no boots)
Stlth    ++........             (no amulet)
Regen    0.1/turn               (no ring)
MPRegen  0.2/turn               (no ring)

@: lethally poisoned (0 -> -6), icy armour, slow
A: no striking features
a: no special abilities


You were on level 2 of the Dungeon.
You were not hungry.

You visited 1 branch of the dungeon, and saw 2 of its levels.

You collected 48 gold pieces.

Inventory:

Hand Weapons
 i - a +0 short sword of speed
 k - a +0 short sword of venom (weapon)
Missiles
 g - 67 stones (quivered)
Armour
 a - a +0 robe (worn)
 h - a +0 cloak (worn)
Scrolls
 e - a scroll of teleportation {unknown}
 j - a scroll of remove curse {unknown}
Books
 b - a book of Frost

   Spells                             Type                      Level
   a - Freeze                         Ice                          1
   b - Throw Frost                    Conjuration/Ice              2
   c - Ozocubu's Armour               Charms/Ice                   3
   d - Throw Icicle                   Conjuration/Ice              4
   e - Summon Ice Beast               Ice/Summoning                4
Comestibles
 c - a bread ration
 d - a chunk of flesh


   Skills:
 - Level 2.4 Dodging
 - Level 2.4 Stealth
 - Level 3.0 Spellcasting
 * Level 1.7 Conjurations
 + Level 5.2 Ice Magic


You had 2 spell levels left.
You knew the following spells:

 Your Spells              Type           Power        Failure   Level  Hunger
a - Freeze                Ice            ###.         1%          1    None
b - Throw Frost           Conj/Ice       ###...       5%          2    ##.....
c - Ozocubu's Armour      Chrm/Ice       ##......     16%         3    ###....


Dungeon Overview and Level Annotations

Branches:
Dungeon (2/15)

Altars:


Message History

You hit Robin but do no damage.
Robin looks as sick as possible!
Robin is almost dead.
You kill Robin!
The goblin closely misses you. The adder misses you.
You closely miss the adder. The goblin hits you but does no damage.
The adder bites you but does no damage. The goblin hits you but does no damage.
You closely miss the adder. The adder bites you.
* * * LOW HITPOINT WARNING * * *
You are lethally poisoned!
The adder poisons you! The goblin completely misses you. The adder bites you.
* * * LOW HITPOINT WARNING * * *
Unknown command.
Casting: Freeze
Confirm with . or Enter, or press ? or * to list all spells.
Aiming: Freeze
Press: ? - help, Shift-Dir - straight line, f - adder
Aim: an adder You freeze the adder.
The adder seems to slow down.
The adder is moderately wounded.
You die...

.. # ..#. ..#. ... # #
#.### ....#.####.#..
.....wS@g..#.#
......###..#.#
############†#.#
.......).))....#
###....#####...#
....... #...# ##.....##
#...####.#
..........##........#.
..................(.>.
.#...#.##.##..#..#....#
....#. #.##..##.#.#..#


You could see a worm, an adder and a goblin.

Vanquished Creatures
  Robin (D:2)
  A worm (D:2)
  7 giant cockroaches
  15 goblins
  6 hobgoblins
  5 kobolds
  A quokka (D:2)
  A ball python (D:1)
  2 bats (D:1)
  4 frilled lizards
  5 rats
48 creatures vanquished.

Notes
Turn   | Place    | Note
-------+----------+-------------------------------------------
     0 | D:1      | hilaritas the Deep Elf Ice Elementalist began the quest for the Orb.
     0 | D:1      | Reached XP level 1. HP: 10/10 MP: 6/6
   217 | D:1      | Reached skill level 4 in Ice Magic
   217 | D:1      | Reached XP level 2. HP: 8/15 MP: 0/8
   355 | D:1      | Learned a level 2 spell: Throw Frost
   925 | D:2      | Reached XP level 3. HP: 19/19 MP: 7/9
   933 | D:2      | Learned a level 3 spell: Ozocubu's Armour
  1197 | D:2      | Noticed Robin
  1221 | D:2      | Reached skill level 5 in Ice Magic
  1229 | D:2      | Killed Robin
  1232 | D:2      | Succumbed to an adder's poison

Skill      XL: |  1  2  3 |
---------------+----------+-----
Ice Magic      | 4 5 |  5.2
Dodging        | |  2.4
Stealth        | |  2.4
Spellcasting   | |  3.0
Conjurations   | |  1.7

Action                   || total
-------------------------++-------
Melee: Unarmed           ||     3
       Short sword       ||    26
 Cast: Freeze            ||    56
       Ozocubu's Armour  ||     1
  Use: Potion            ||     1
  Eat: Chunk             ||     1
Armor: Robe              ||    23
Dodge: Dodged            ||    52
